 Dungeon Crawl Stone Soup version 0.27-a0-1555-g0e7b3fb1d2 (webtiles) character file.

Game seed: 12656115539217510966

33421 pokeman the Eclecticist (level 13, -12/72 HPs)
             Began as a Deep Elf Hedge Wizard on July 14, 2021.
             Was an Elder of Vehumet.
             Mangled by an ice dragon simulacrum (18 damage)
             ... in an ice cave.
             The game lasted 00:47:29 (20490 turns).

pokeman the Eclecticist (Deep Elf Hedge Wizard)    Turns: 20490, Time: 00:47:30

Health: -12/72     AC: 12    Str:  7    XL:     13   Next: 36%
Magic:  2/37       EV: 12    Int: 28    God:    Vehumet [****..]
Gold:   986        SH:  5    Dex: 14    Spells: 23/49 levels left

rFire    + + +     SeeInvis +   W - +8 trident of Qisch {vorpal, *Rage rF+++ Int+3 SInv}
rCold    . . .     Faith    .   f - +0 buckler
rNeg     . . .     Spirit   .   t - +2 leather armour {rF+}
rPois    +         Reflect  .   c - +0 hat
rElec    .         Harm     .   A - +0 cloak
rCorr    .         Rampage  .   (no gloves)
Will     +....     Rnd*Rage +   O - +0 pair of boots
Stlth    ++........             K - amulet of the acrobat
HPRegen  0.22/turn              G - +4 ring of protection
MPRegen  0.25/turn              w - ring of poison resistance

@: very slightly contaminated, invisible
A: no striking features
a: Renounce Religion


You were in an ice cave.
You worshipped Vehumet.
Vehumet was greatly pleased with you.
You visited 2 branches of the dungeon, and saw 15 of its levels.
You also visited: Sewer and Ice Cave.

You collected 1115 gold pieces.
You spent 129 gold pieces at shops.

Inventory:

Hand Weapons
 C - a +0 hand crossbow
 W - the +8 trident of Qisch (weapon) {vorpal, *Rage rF+++ Int+3 SInv}
   (You found it on level 10 of the Dungeon)

   It inflicts extra damage upon your enemies.
   Int:       It affects your intelligence (+3).
   rF:        It renders you almost immune to fire.
   SInv:      It lets you see invisible.
   *Rage:     It may make you go berserk in combat.
Missiles
 j - 7 curare-tipped darts
 E - 91 bolts
Armour
 c - a +0 hat (worn)
 f - a +0 buckler (worn)
 g - a +0 troll leather armour
 t - a +2 leather armour of fire resistance (worn)
 A - a +0 cloak (worn)
 F - a +1 leather armour of cold resistance
 O - a +0 pair of boots (worn)
Jewellery
 w - a ring of poison resistance (right hand)
 G - a +4 ring of protection (left hand)
 K - an amulet of the acrobat (around neck)
 S - a +4 ring of protection
Wands
 l - a wand of flame (27)
Scrolls
 a - a scroll of silence {unknown}
 b - 2 scrolls of blinking {unknown}
 e - a scroll of fear {unknown}
 h - 11 scrolls of teleportation
 k - 4 scrolls of amnesia {unknown}
 m - a scroll of holy word {unknown}
 s - 2 scrolls of vulnerability {unknown}
 u - 3 scrolls of enchant armour {unknown}
 v - 3 scrolls of brand weapon {unknown}
 x - 2 scrolls of immolation {unknown}
 B - 2 scrolls of enchant weapon {unknown}
 H - 3 scrolls of fog {unknown}
 L - 2 scrolls of torment {unknown}
 Q - 2 scrolls of magic mapping
Potions
 i - 11 potions of curing
 n - 3 potions of might
 o - 3 potions of mutation
 p - 2 potions of invisibility
 q - 4 potions of heal wounds
 r - a potion of magic {unknown}
 z - a potion of ambrosia {unknown}
 N - a potion of flight {unknown}
 T - a potion of attraction {unknown}
Miscellaneous
 d - a tin of tremorstones (1/2)


   Skills:
 + Level 5.1 Fighting
 - Level 6.0 Armour
 - Level 3.0 Dodging
 - Level 3.0 Stealth
 - Level 4.0 Shields
 * Level 18.7 Spellcasting
 + Level 12.4 Conjurations
 + Level 6.4 Summonings
 - Level 1.1 Translocations
 - Level 1.0 Fire Magic
 - Level 1.1 Air Magic
 - Level 1.1 Earth Magic
 - Level 1.0 Poison Magic
 - Level 3.0 Evocations


You had 23 spell levels left.
You knew the following spells:

 Your Spells              Type           Power      Damage    Failure   Level
a - Magic Dart            Conj           100%       1d8       0%          1
b - Mephitic Cloud        Conj/Pois/Air  52%        N/A       1%          3
c - Call Imp              Summ           58%        N/A       1%          2
d - Blink                 Tloc           N/A        N/A       2%          2
e - Conjure Flame         Conj/Fire      59%        6-21      1%          3
f - Fireball              Conj/Fire      29%        3d13      1%          5
g - Orb of Destruction    Conj           38%        9d13      3%          7
h - Stone Arrow           Conj/Erth      100%       3d13      1%          3

Your spell library contained the following spells:

 Spells                   Type           Power      Damage    Failure   Level
 Apportation              Tloc           64%        N/A       1%          1
 Summon Small Mammal      Summ           100%       N/A       1%          1
 Call Canine Familiar     Summ           58%        N/A       1%          3
 Summon Guardian Golem    Hex/Summ       44%        N/A       1%          3
 Animate Skeleton         Necr           52%        N/A       2%          1
 Corona                   Hex            28%        N/A       2%          1
 Ensorcelled Hibernation  Hex/Ice        52%        N/A       3%          2
 Slow                     Hex            26%        N/A       3%          2
 Lesser Beckoning         Tloc           16%        N/A       4%          3
 Animate Armour           Summ/Erth      94%        N/A       4%          4
 Portal Projectile        Hex/Tloc       58%        N/A       5%          3
 Spider Form              Tmut/Pois      14%        N/A       5%          3
 Conjure Ball Lightning   Conj/Air       29%        3x3d8     6%          6
 Spellforged Servitor     Conj/Summ      34%        N/A       11%         7
 Animate Dead             Necr           13%        N/A       22%         4
 Shadow Creatures         Summ           N/A        N/A       26%         6
 Manifold Assault         Tloc           32%        N/A       38%         5
 Alistair's Intoxication  Tmut/Pois      19%        N/A       45%         5
 Blade Hands              Tmut           13%        N/A       54%         5
 Excruciating Wounds      Necr           13%        N/A       54%         5
 Lehudib's Crystal Spear  Conj/Erth      29%        10d8      90%         8
 Invisibility             Hex            13%        N/A       98%         6
 Haunt                    Necr/Summ      22%        N/A       99%         7
 Discord                  Hex            13%        N/A       100%        8
 Disjunction              Tloc           16%        N/A       100%        8
 Infestation              Necr           13%        N/A       100%        8


Dungeon Overview and Level Annotations

Branches:
Dungeon (14/15)            Temple (1/1) D:4            Lair (0/6) D:8
    Orc (0/2) D:10         Vaults (0/5) D:13          Sewer (visited)
  IceCv (1/1)

Altars:
Cheibriados
Elyvilon
Fedhas
Gozag
Kikubaaqudgha
Makhleb
Nemelex Xobeh
Sif Muna
Trog
Vehumet
Wu Jian
Yredelemnul

Shops:
D:3 ?   D:6 ?   D:7 *   D:9 ?


Message History

Aim: a golden dragon simulacrum (heavily damaged, 100% to hit)
The puff of flame hits the golden dragon simulacrum!
The golden dragon simulacrum melts!
The golden dragon simulacrum is severely damaged.
Unknown command.
Okay, then.
Unknown command.
Unknown command.
The tremorstone explodes into fragments!
The burst of rock shards engulfs the golden dragon simulacrum but does no damage.
The burst of rock shards engulfs the white draconian!
The burst of rock shards engulfs you!
The burst of rock shards engulfs the white draconian but does no damage.
The burst of rock shards engulfs the golden dragon simulacrum but does no damage.
Unknown command.
Okay, then.
Unknown command.
Press: ? - help, v - describe, . - travel
Here: a golden dragon simulacrum (severely damaged)
An ice covered gate leading back out of this place.
Unknown command.
Unknown command.
Okay, then.
Unknown command.
Press: ? - help, v - describe, . - travel
Here: a white draconian, wielding a +0 morningstar of freezing and wearing a +1 cloak (lightly wounded)
An ice choked empty arch of ancient stone.
Unknown command.
You fade into invisibility!
The golden dragon simulacrum bites you but does no damage.
The golden dragon simulacrum misses you.
The golden dragon simulacrum tramples you.
The golden dragon simulacrum freezes you!!
* * * LOW HITPOINT WARNING * * *
Casting: Fireball (dangerous; 1% risk of failure)
Confirm with . or Enter, or press ? or * to list all spells.
You blink.
The ice dragon simulacrum bites you.
* * * LOW HITPOINT WARNING * * *
The ice dragon simulacrum freezes you!!
You die...

#### ##..## ##.
###....##
#....##.......#
#....@Z)∩dZ§#
##..........#
#....##....##
#.### ##..## #.
#### #


You could see a white draconian, an ice dragon simulacrum and a golden dragon
simulacrum.

Vanquished Creatures
  A white draconian (IceCv)
  Snorg (D:12)
  The ghost of quinnr the Stormcaller, a journeyman TeAE of Vehumet (D:11)
  An ice dragon (shapeshifter) (D:11)
  4 vault guards
  2 hydras
  3 centaur warriors
  3 death knights
  A two-headed ogre (D:11)
  The ghost of CowFu the Summoner, a journeyman DESu of Gozag (D:11)
  Urug (D:12)
  Sonja (D:13)
  Pikel (D:6)
  2 manticores
  A deep elf pyromancer (D:13)
  6 cyclopes
  An ugly thing (D:12)
  Joseph (D:8)
  2 storm dragon simulacra (IceCv)
  A gargoyle (D:12)
  2 unseen horrors (D:12)
  3 tengu conjurers
  A komodo dragon (shapeshifter) (D:11)
  4 trolls
  The ghost of ptrx2 the Basher, an amateur MiFi (D:5)
  Grinder (D:3)
  3 hornets
  A slime creature (D:11)
  2 wyverns
  2 wraiths
  A shadow (D:11)
  Eustachio (D:4)
  A vampire (D:12)
  A fire bat (shapeshifter) (D:13)
  27 yaks
  2 steam dragons
  7 vampire mosquitoes
  2 basilisks
  2 water moccasins (D:5)
  2 orc warriors
  An ice beast (D:7)
  A sky beast (D:5)
  A hornet zombie (D:8)
  A black bear (D:7)
  2 ice dragon simulacra (IceCv)
  An ogre (D:4)
  13 centaurs
  A phantom (D:6)
  A lemure (D:6)
  4 kobold brigands
  Blork the orc (D:6)
  3 bullfrogs
  2 scorpions (D:7)
  A water moccasin skeleton (D:4)
  4 howler monkeys
  An electric eel (D:6)
  A crimson imp (D:9)
  7 centaur zombies
  Crazy Yiuf (D:6)
  3 hounds
  3 iguanas
  2 jellies
  7 orc priests
  3 centaur skeletons (D:5)
  7 orc wizards
  A hound skeleton (D:4)
  7 gnolls (D:6)
  A howler monkey skeleton (D:5)
  8 adders
  A shadow imp (D:5)
  2 white imps
  5 dart slugs
  32 orcs
  4 ball pythons
  5 bats
  9 endoplasms
  5 giant cockroaches
  4 goblins
  3 hobgoblins
  4 jackals (D:4)
  2 quokkas
  4 frilled lizards
  35 kobolds
  5 rats
310 creatures vanquished.

Vanquished Creatures (collateral kills)
  An endoplasm (D:3)
1 creature vanquished.

Vanquished Creatures (others)
  5 plants
5 creatures vanquished.

Grand Total: 316 creatures vanquished

Notes
Turn   | Place    | Note
-------+----------+-------------------------------------------
     0 | D:1      | pokeman the Deep Elf Hedge Wizard began the quest for the
                  | Orb.
     0 | D:1      | Reached XP level 1. HP: 10/10 MP: 7/7
   117 | D:1      | Found a faded altar of an unknown god.
   307 | D:1      | Reached XP level 2. HP: 15/15 MP: 2/9
  1448 | D:2      | Reached skill level 5 in Spellcasting
  1924 | D:2      | Reached XP level 3. HP: 20/20 MP: 8/11
  1928 | D:2      | Learned a level 3 spell: Mephitic Cloud
  1931 | D:2      | Learned a level 2 spell: Call Imp
  1934 | D:2      | Learned a level 2 spell: Blink
  1938 | D:2      | Learned a level 3 spell: Conjure Flame
  2257 | D:3      | Found Kaij's Magic Scroll Shop.
  2276 | D:3      | Found a glowing drain.
  2370 | Sewer    | Entered a sewer
  2502 | Sewer    | Noticed a kobold brigand
  2521 | Sewer    | Reached skill level 1 in Fighting
  2525 | Sewer    | Killed a kobold brigand
  2526 | Sewer    | Reached skill level 1 in Armour
  2526 | Sewer    | Reached XP level 4. HP: 24/25 MP: 2/13
  2997 | Sewer    | Reached skill level 6 in Spellcasting
  2997 | Sewer    | Reached XP level 5. HP: 29/29 MP: 10/15
  3197 | D:3      | Noticed Grinder
  3529 | D:3      | Found a burning altar of Makhleb.
  3637 | D:3      | Bought a scroll of noise for 14 gold pieces
  3867 | D:3      | Paralysed by Grinder for 6 turns
  3901 | D:3      | Paralysed by Grinder for 2 turns
  3963 | D:3      | Paralysed by Grinder for 3 turns
  3968 | D:3      | Killed Grinder
  3969 | D:3      | Reached XP level 6. HP: 11/34 MP: 0/17
  4297 | D:3      | Found an ancient bone altar of Kikubaaqudgha.
  4339 | D:3      | Learned a level 3 spell: Stone Arrow
  4424 | D:4      | Reached skill level 1 in Fire Magic
  4536 | D:4      | Reached skill level 5 in Conjurations
  4950 | D:4      | Reached skill level 1 in Air Magic
  4950 | D:4      | Reached skill level 1 in Poison Magic
  4950 | D:4      | Reached XP level 7. HP: 38/38 MP: 13/19
  5203 | D:4      | Found a staircase to the Ecumenical Temple.
  5247 | Temple   | Entered the Ecumenical Temple
  5346 | Temple   | Became a worshipper of Vehumet
  5519 | D:4      | Noticed Eustachio
  5541 | D:4      | Killed Eustachio
  5542 | D:4      | Reached skill level 7 in Spellcasting
  5542 | D:4      | Reached skill level 1 in Earth Magic
  6396 | D:5      | Entered Level 5 of the Dungeon
  6539 | D:5      | Reached skill level 8 in Spellcasting
  6826 | D:5      | Reached XP level 8. HP: 44/44 MP: 14/22
  6883 | D:5      | Found a transporter.
  6883 | D:5      | Noticed ptrx2's ghost (amateur MiFi)
  6894 | D:5      | Found a transporter.
  7159 | D:5      | Reached * piety under Vehumet
  7159 | D:5      | Offered knowledge of Shock by Vehumet.
  7374 | D:5      | Reached skill level 9 in Spellcasting
  7562 | D:5      | Killed ptrx2's ghost
  7563 | D:5      | Reached skill level 1 in Evocations
  7698 | D:6      | Learned a level 7 spell: Orb of Destruction
  7741 | D:6      | Noticed Pikel
  7758 | D:6      | Killed Pikel
  7759 | D:6      | Reached skill level 10 in Spellcasting
  7759 | D:6      | Reached XP level 9. HP: 48/48 MP: 9/25
  7922 | D:6      | Found a sparkling altar of Nemelex Xobeh.
  8390 | D:6      | Found a runed translucent door.
  8391 | D:6      | Noticed Crazy Yiuf
  8659 | D:6      | Noticed Blork the orc
  8667 | D:6      | Killed Blork the orc
  8843 | D:6      | Found Zibokk's Magic Scroll Shoppe.
  8850 | D:6      | Bought a scroll of identify for 28 gold pieces
  8850 | D:6      | Bought a scroll of teleportation for 42 gold pieces
  9151 | D:6      | Killed Crazy Yiuf
  9244 | D:7      | Reached skill level 11 in Spellcasting
  9949 | D:7      | Reached ** piety under Vehumet
 10124 | D:7      | Offered knowledge of Freeze by Vehumet.
 10387 | D:7      | Reached skill level 12 in Spellcasting
 10421 | D:7      | Found Vell's General Store.
 11277 | D:8      | Noticed Joseph
 11300 | D:8      | Killed Joseph
 11301 | D:8      | Reached XP level 10. HP: 22/56 MP: 12/28
 11507 | D:8      | Found a staircase to the Lair.
 11877 | D:8      | Found a bloodstained altar of Trog.
 11878 | D:8      | Found a blossoming altar of Fedhas.
 11880 | D:8      | Found a snail-covered altar of Cheibriados.
 12238 | D:9      | Found Mifiam's Magic Scroll Boutique.
 12243 | D:9      | Bought a scroll of magic mapping for 45 gold pieces
 12268 | D:9      | Reached skill level 13 in Spellcasting
 12322 | D:9      | Found an ornate altar of the Wu Jian Council.
 12348 | D:9      | Offered knowledge of Poisonous Vapours by Vehumet.
 12999 | D:10     | Entered Level 10 of the Dungeon
 12999 | D:10     | Found a staircase to the Orcish Mines.
 13287 | D:10     | Found a white marble altar of Elyvilon.
 13317 | D:10     | Reached *** piety under Vehumet
 13330 | D:10     | Reached skill level 14 in Spellcasting
 13452 | D:10     | Identified the +8 trident of Qisch {vorpal, *Rage rF+++
                  | Int+3 SInv}
 13497 | D:10     | Found an opulent altar of Gozag.
 14198 | D:11     | Reached XP level 11. HP: 61/61 MP: 25/31
 14200 | D:11     | Offered knowledge of Ignite Poison by Vehumet.
 14201 | D:11     | Reached skill level 5 in Armour
 14325 | D:11     | Found a runed translucent gate.
 14325 | D:11     | Found a runed translucent gate.
 14325 | D:11     | Found a runed translucent gate.
 14325 | D:11     | Noticed quinnr's ghost (journeyman TeAE)
 14327 | D:11     | Found a basalt altar of Yredelemnul.
 14354 | D:11     | Reached skill level 10 in Conjurations
 14425 | D:11     | Reached skill level 15 in Spellcasting
 15027 | D:11     | Noticed a death knight
 15102 | D:11     | Killed a death knight
 15359 | D:11     | Reached **** piety under Vehumet
 15484 | D:11     | Noticed a five-headed hydra
 15491 | D:11     | Killed a five-headed hydra
 15492 | D:11     | Reached skill level 16 in Spellcasting
 15494 | D:11     | Noticed a two-headed ogre
 15498 | D:11     | Killed a two-headed ogre
 15566 | D:11     | Offered knowledge of Fireball by Vehumet.
 15573 | D:11     | Learned a level 5 spell: Fireball
 15654 | D:11     | Noticed a storm dragon
 15671 | D:11     | Noticed a goliath frog
 15738 | D:11     | Noticed a quicksilver ooze
 15741 | D:11     | Noticed a goliath frog
 15750 | D:11     | Noticed a quicksilver ooze
 15750 | D:11     | Noticed a death yak
 15750 | D:11     | a quicksilver ooze changed into a death yak
 15751 | D:11     | Noticed a quicksilver ooze
 15751 | D:11     | a death yak changed into a quicksilver ooze
 15755 | D:11     | Noticed an ice dragon
 15755 | D:11     | a quicksilver ooze changed into an ice dragon
 15756 | D:11     | Killed an ice dragon
 15872 | D:11     | Reached XP level 12. HP: 67/67 MP: 26/34
 16332 | D:11     | Found a runed translucent door.
 16334 | D:11     | Noticed CowFu's ghost (journeyman DESu)
 16649 | D:11     | Killed quinnr's ghost
 16705 | D:12     | Noticed a centaur warrior
 16708 | D:12     | Killed a centaur warrior
 16708 | D:12     | Noticed Urug
 16709 | D:12     | Reached skill level 5 in Fighting
 16712 | D:12     | Killed Urug
 16714 | D:12     | Reached skill level 17 in Spellcasting
 16916 | D:12     | Noticed Snorg
 17010 | D:12     | Killed Snorg
 17011 | D:12     | Reached skill level 1 in Shields
 17996 | D:12     | Noticed a death knight
 18024 | D:12     | Killed a death knight
 18563 | D:13     | Noticed a centaur warrior
 18567 | D:13     | Killed a centaur warrior
 18568 | D:13     | Reached skill level 5 in Summonings
 18568 | D:13     | Noticed a centaur warrior
 18573 | D:13     | Killed a centaur warrior
 18733 | D:13     | Noticed Sonja
 18735 | D:13     | Killed Sonja
 18736 | D:13     | Reached skill level 18 in Spellcasting
 18902 | D:13     | Noticed a five-headed hydra
 18906 | D:13     | Killed a five-headed hydra
 19065 | D:13     | Found a gate to the Vaults.
 19065 | D:13     | Noticed a vault guard
 19065 | D:13     | Noticed a vault guard
 19065 | D:13     | Noticed a vault guard
 19065 | D:13     | Noticed a vault guard
 19065 | D:13     | Noticed a death knight
 19080 | D:13     | Killed a vault guard
 19081 | D:13     | Reached XP level 13. HP: 32/72 MP: 16/37
 19382 | D:11     | Killed CowFu's ghost
 20415 | D:14     | Found a frozen archway.
 20426 | IceCv    | Entered an ice cave
 20474 | IceCv    | Noticed a white draconian
 20482 | IceCv    | Killed a white draconian
 20484 | IceCv    | Noticed a white draconian
 20490 | IceCv    | Mangled by an ice dragon simulacrum

Illustrated notes

Levels and vault maps discovered:
D:1:      lightli_arrival_statue_moat, layout_loops_ring,
          shapermc_ecumenical_altar_starsandcircs, st_stairs_7, glass_columns_a,
          solitary_fountain, grunt_decor_clamped
D:2:      layout_basic, kennysheep_path_1
D:3:      layout_basic, mainiacjoe_overflow_alcove_1, kiku_gazebo_pond_becter,
          serial_shops, nicolae_shop_waterfront, portal_sewer_entry_d,
          uniq_grinder
D:4:      layout_layer_cave, minmay_temple_entry_grid, uniq_eustachio
D:5:      layout_basic, gammafunk_ghost_mausoleum, grunt_ministairs_2
D:6:      layout_loops_corners, mainiacjoe_overflow_six_doors_small,
          serial_shops, nicolae_shop_stone, nrook_pool_corridor,
          uniq_crazy_yiuf_cottage, uniq_blork_the_orc, uniq_pikel
D:7:      layout_basic, serial_shops, shop, kennysheep_diamond
D:8:      layout_basic, minitemple, nrook_mini_vaults, minmay_holes, uniq_joseph
D:9:      layout_grid_maze, old_standard_altar, serial_shops, shop,
          minmay_fire_ice_demons
D:10:     layout_big_octagon, grunt_gozag_breadcrumbs, elyvilon_altar_3,
          orc_0_dummy, hangedman_abyss_or_decor_stagger
D:11:     wad_statue_garden, layout_stronghold, ebering_ghost_reflecting_pool,
          nicolae_yredelemnul_ghost_church
D:12:     minmay_chambers_of_sixes, layout_loops_ring, uniq_urug, uniq_snorg
D:13:     layout_stronghold, lightli_vaults_fourway_checkpoint, uniq_sonja
D:14:     minmay_the_grid_triangle_9x9_rhombus_full_mashed
          [minmay_the_grid_triangle_9x9_negative_grid,
          minmay_the_grid_triangle_9x9_descending_squares,
          minmay_the_grid_triangle_9x9_warning,
          minmay_the_grid_triangle_9x9_empty,
          minmay_the_grid_triangle_9x9_intruding_spiral,
          minmay_the_grid_triangle_9x9_stretched_checkered,
          minmay_the_grid_triangle_9x9_steps,
          minmay_the_grid_triangle_9x9_prize_center], layout_basic,
          serial_shops, nicolae_shop_statue_plus, nicolae_uskayaw_suspiria,
          portal_ice_cave_entry_pillars_1, grunt_decor_arrowhead
Temple:   nicolae_temple_figure_eight
IceCv:    ice_cave_small_dragons

Skill      XL: |  1  2  3  4  5  6  7  8  9 10 11 12 13 |
---------------+----------------------------------------+-----
Spellcasting   | 5 6 8 10 12 14 16 18 | 18.7
Fighting       | 1 2 4 5 |  5.1
Armour         | 1 3 4 6 |  6.0
Conjurations   | 2 4 5 6 7 8 9 11 12 | 12.4
Dodging        | 3 |  3.0
Fire Magic     | 1 |  1.0
Stealth        | 3 |  3.0
Air Magic      | 1 |  1.1
Poison Magic   | 1 |  1.0
Earth Magic    | 1 |  1.1
Evocations     | 2 3 |  3.0
Summonings     | 2 5 6 |  6.4
Shields        | 3 4 |  4.0
Translocations | |  1.1

Action                   |  1- 3 |  4- 6 |  7- 9 | 10-12 | 13-15 || total
-------------------------+-------+-------+-------+-------+-------++-------
Melee: Dagger            |     3 |    20 |    28 |       |       ||    51
       Staff             |       |       |    51 |     6 |       ||    57
       Trident           |       |       |       |    38 |       ||    38
 Cast: Magic Dart        |    79 |    98 |   131 |    49 |       ||   357
       Mephitic Cloud    |     1 |     1 |    19 |    24 |     4 ||    49
       Call Imp          |       |    10 |     2 |     3 |       ||    15
       Blink             |       |     2 |       |     2 |     2 ||     6
       Conjure Flame     |       |     3 |    17 |    13 |       ||    33
       Stone Arrow       |       |       |    47 |   107 |    11 ||   165
       Fireball          |       |       |       |    65 |    16 ||    81
       Orb of Destructio |       |       |       |    13 |    11 ||    24
Evoke: Wand              |       |       |       |       |     5 ||     5
       Tin of tremorston |       |       |       |       |     1 ||     1
  Use: Scroll            |       |       |       |     8 |     1 ||     9
       Potion            |       |       |       |       |     1 ||     1
 Stab: Confused          |       |     1 |     6 |     2 |       ||     9
       Sleeping          |       |       |     1 |     1 |       ||     2
Armor: Robe              |     1 |     1 |     3 |       |       ||     5
       Leather armour    |       |       |    25 |    51 |     4 ||    80
Dodge: Dodged            |    10 |    17 |    83 |    79 |     8 ||   197

Table legend: (Time is in decaauts)
 A = Elapsed time spent in this place.
 B = Non-inter-level travel time spent in this place.
 C = Inter-level travel time spent in this place.
 D = Time resting spent in this place.
 E = Time spent auto-exploring this place.
 F = Levels seen in this place.
 G = Mean time per level.
                   A        B        C        D        E       F      G
               +--------+--------+--------+--------+--------+-----+--------+
         Total |  20581 |  19460 |   1121 |   1318 |  15681 |  17 | 1210.6 |
       Dungeon |  19601 |  18500 |   1101 |   1229 |  14999 |  14 | 1400.1 |
        Temple |    150 |    131 |     19 |      0 |     95 |   1 |  150.0 |
         Sewer |    766 |    766 |      0 |     89 |    547 |   1 |  766.0 |
      Ice Cave |     63 |     63 |      0 |      0 |     40 |   1 |   63.0 |
               +--------+--------+--------+--------+--------+-----+--------+

Top non-repeatable levels by time:
    D:11: 3147 daAuts
     D:4: 1943 daAuts
    D:12: 1654 daAuts
     D:6: 1607 daAuts
     D:7: 1580 daAuts
    D:13: 1436 daAuts
     D:2: 1361 daAuts
     D:5: 1314 daAuts
     D:8: 1234 daAuts
     D:1: 1227 daAuts
     D:9: 1136 daAuts
     D:3: 1055 daAuts
    D:10: 876 daAuts
   Sewer: 766 daAuts
  Temple: 150 daAuts
